 Dungeon Crawl Stone Soup version 0.31-a0-344-gd109795599 (webtiles) character file.

Game seed: 17621441742914323471

1503262 cforsyth the Planerender (level 27, 207/207 HPs)
             Began as a Vampire Summoner on July 21, 2023.
             Was the Champion of Jiyva.
             Escaped with the Orb
             ... and 3 runes!
             The game lasted 03:56:25 (98203 turns).

cforsyth the Planerender (Vampire Summoner)        Turns: 98203, Time: 03:56:25

Health: 207/207    AC: 17    Str: 10    XL:     27
Magic:  49/57      EV: 31    Int: 26    God:    Jiyva [******]
Gold:   4267       SH: 21    Dex: 18    Spells: 11/69 levels left

rFire   + + +        f - +5 scimitar "Tisesh" {venom, MP+9}
rCold   + + .        N - +5 kite shield {rC+ rF+}
rNeg    + + .        C - +2 robe {rC+ rF+}
rPois   +            c - +1 helmet of Vanity {Drain Fly Regen+ Str+3}
rElec   +            o - +2 cloak {rCorr}
rCorr   +            p - +2 pair of gloves
SInv    +            w - +2 pair of boots "Ficoyhae" {rCorr}
Will    ++++.        I - amulet of magic regeneration
Stlth   ++           U - ring of Qyedwuju {Wiz Fly rElec rPois Str-3}
HPRegen 3.14/turn    B - ring of Neagor {rF+ rN++ Will+ rCorr Int-3}
MPRegen 1.25/turn

%: random rage (3%), wizardry (x1)
@: calling dragons, flying, healing quickly, studying 3 skills
A: alive, fangs 3, see invisible, vampiric 2, agile 1, berserk 1, frail 1,
strong-willed 1, screaming 1, strong 1, wild magic 1, eyeballs 2, gelatinous
body 3, pseudopods 1, translucent skin 1, engulf
0: Orb of Zot
}: 3/15 runes: serpentine, barnacled, silver
a: Exsanguinate, Renounce Religion, Oozemancy, Slimify


You escaped.
You worshipped Jiyva.
Jiyva was exalted by your worship.
You visited 13 branches of the dungeon, and saw 57 of its levels.
You also visited: Desolation.

You collected 25544 gold pieces.
You spent 9762 gold pieces at shops.
You paid 11515 gold pieces to Gozag.

Inventory:

Hand Weapons
 f - the +5 scimitar "Tisesh" (weapon) {venom, MP+9}
   (You took it off a naga on level 4 of the Snake Pit)

   MP:        It affects your magic capacity (+9).
 k - the +7 great mace "Firestarter" {flame, immolate, rFlCloud rF++}
   (You found it on level 4 of the Shoals)

   rFlCloud:  It grants immunity to clouds of flame.
   rF:        It greatly protects you from fire.
 P - the +4 dagger of Yesterday {flame, +Blink rElec rC+++ Dex-2}
   (You found it on level 11 of the Dungeon)

   Dex:       It affects your dexterity (-2).
   rC:        It renders you almost immune to cold.
   rElec:     It insulates you from electricity.
   +Blink:    It lets you blink.
Armour
 c - the +1 helmet of Vanity (worn) {Drain Fly Regen+ Str+3}
   (You found it on level 3 of the Vaults)

   Str:       It affects your strength (+3).
   Fly:       It grants you flight.
   Regen:     It increases your rate of health regeneration.
   Drain:     It drains your maximum health when unequipped.
 o - a +2 cloak of preservation (worn)
 p - a +2 pair of gloves (worn)
 w - the +2 pair of boots "Ficoyhae" (worn) {rCorr}
   (You bought it in a shop on level 5 of the Vaults)

   rCorr:     It protects you from acid and corrosion.
 C - a +2 robe of resistance (worn)
 J - the +3 helmet of Lies {rPois rF+ SInv}
   (You found it on level 5 of the Vaults)

   rF:        It protects you from fire.
   rPois:     It protects you from poison.
   SInv:      It lets you see invisible.
 N - a +5 kite shield of resistance (worn)
Jewellery
 s - the amulet of Uxtap {Acrobat *Corrode +Blink Int+2 SInv}
   (You found it in the Desolation of Salt)

   [amulet of the acrobat]

   It increases your evasion while moving and waiting.
   Int:       It affects your intelligence (+2).
   SInv:      It lets you see invisible.
   +Blink:    It lets you blink.
   *Corrode:  It may corrode you when you take damage.
 u - the ring of Yczyorch {rN+ MP+9 Stlth+}
   (You took it off a deep elf master archer on level 3 of the Elven Halls)

   [ring of positive energy]

   rN:        It protects you from negative energy.
   MP:        It affects your magic capacity (+9).
   Stlth:     It makes you more stealthy.
 v - the ring of Tuoxt {Wiz Str-5 Dex+6 SInv}
   (You found it on level 4 of the Shoals)

   [ring of wizardry]

   It improves your spell success rate.
   Str:       It affects your strength (-5).
   Dex:       It affects your dexterity (+6).
   SInv:      It lets you see invisible.
 B - the ring of Neagor (right hand) {rF+ rN++ Will+ rCorr Int-3}
   (You found it in the Desolation of Salt)

   [ring of willpower]

   Int:       It affects your intelligence (-3).
   rF:        It protects you from fire.
   rN:        It greatly protects you from negative energy.
   rCorr:     It protects you from acid and corrosion.
   Will:      It increases your willpower.
 I - an amulet of magic regeneration (around neck)
 Q - the ring of Xom's Bemusement {AC+4 Int+2 Dex+3}
   (You found it on level 11 of the Dungeon)

   [ring of protection]

   AC:        It affects your AC (+4).
   Int:       It affects your intelligence (+2).
   Dex:       It affects your dexterity (+3).
 S - a ring of protection from cold
 T - a ring of positive energy
 U - the ring of Qyedwuju (left hand) {Wiz Fly rElec rPois Str-3}
   (You bought it in a shop on level 1 of the Lair of Beasts)

   [ring of wizardry]

   It improves your spell success rate.
   Str:       It affects your strength (-3).
   rElec:     It insulates you from electricity.
   rPois:     It protects you from poison.
   Fly:       It grants you flight.
 Y - the ring of the Baleful Rambutan {rF+ Int+4}
   (You found it on level 2 of the Lair of Beasts)

   [ring of protection from fire]

   Int:       It affects your intelligence (+4).
   rF:        It protects you from fire.
 Z - the ring of Fesmaqeh {Fly Dex+2 Stlth+}
   (You found it on level 3 of the Lair of Beasts)

   [ring of flight]

   Dex:       It affects your dexterity (+2).
   Fly:       It grants you flight.
   Stlth:     It makes you more stealthy.
Wands
 h - a wand of mindburst (46)
 j - a wand of roots (13)
 t - a wand of charming (82)
 D - a wand of polymorph (20)
 E - a wand of digging (10)
Scrolls
 a - 3 scrolls of immolation
 i - 5 scrolls of poison
 l - 4 scrolls of blinking
 m - 3 scrolls of butterflies
 n - 3 scrolls of vulnerability
 y - 9 scrolls of teleportation
 A - 4 scrolls of fear
 G - a scroll of silence
 H - 9 scrolls of fog
 M - a scroll of enchant armour
 V - 2 scrolls of revelation
Potions
 b - 4 potions of magic
 d - 11 potions of heal wounds
 e - 5 potions of enlightenment
 g - 9 potions of mutation
 q - 2 potions of invisibility
 r - 3 potions of resistance
 x - 7 potions of cancellation
 z - 8 potions of attraction
 F - 18 potions of curing
 K - 6 potions of brilliance
 L - 2 potions of lignification
 O - a potion of might
 W - 5 potions of haste
 X - a potion of ambrosia


   Skills:
 + Level 21.9 Fighting
 + Level 25.4 Dodging
 - Level 4.0 Stealth
 - Level 19.6 Shields
 + Level 21.5 Spellcasting
 - Level 13.0 Hexes
 O Level 27 Summonings
 - Level 4.0 Air Magic


You had 11 spell levels left.
You knew the following spells:

 Your Spells              Type           Power      Damage    Failure   Level
a - Summon Small Mammal   Summ           100%       N/A       1%          1
b - Call Imp              Summ           100%       N/A       1%          2
c - Call Canine Familiar  Summ           100%       N/A       1%          3
d - Summon Guardian Gole  Hex/Summ       100%       N/A       1%          3
e - Summon Lightning Spi  Summ/Air       96%        N/A       1%          4
f - Blink                 Tloc           72%        N/A       2%          2
g - Enfeeble              Hex            45%        N/A       5%          7
h - Summon Mana Viper     Hex/Summ       100%       N/A       1%          5
i - Summon Hydra          Summ           60%        N/A       1%          7
j - Dragon's Call         Summ           60%        N/A       2%          9
k - Summon Horrible Thin  Summ           60%        N/A       1%          8
l - Malign Gateway        Summ/Tloc      45%        N/A       4%          7

Your spell library contained the following spells:

 Spells                   Type           Power      Damage    Failure   Level
 Apportation              Tloc           72%        N/A       1%          1
 Foxfire                  Conj/Fire      100%       2x1d9     1%          1
 Freeze                   Ice            100%       1d10      1%          1
 Kiss of Death            Conj/Necr      100%       2d13      1%          1
 Necrotise                Necr           100%       1d9       1%          1
 Sandblast                Erth           72%        2d16      1%          1
 Sting                    Tmut/Pois      100%       1d8       1%          1
 Cigotuvi's Dreadful Rot  Necr/Pois/Air  90%        N/A       1%          2
 Ensorcelled Hibernation  Hex/Ice        100%       N/A       1%          2
 Poisonous Vapours        Pois/Air       98%        N/A       1%          2
 Dazzling Flash           Conj/Hex       100%       N/A       1%          3
 Inner Flame              Hex/Fire       69%        N/A       1%          3
 Swiftness                Air            59%        N/A       1%          3
 Anguish                  Hex/Necr       34%        N/A       1%          4
 Cause Fear               Hex            45%        N/A       1%          4
 Fulminant Prism          Conj/Hex       34%        3d16      1%          4
 Leda's Liquefaction      Hex/Erth       34%        N/A       1%          4
 Summon Ice Beast         Ice/Summ       91%        N/A       1%          4
 Silence                  Hex/Air        38%        N/A       1%          5
 Summon Forest            Summ/Tloc      45%        N/A       1%          5
 Summon Cactus Giant      Summ           60%        N/A       1%          6
 Monstrous Menagerie      Summ           60%        N/A       1%          7
 Momentum Strike          Conj/Tloc      72%        3d10      2%          2
 Passwall                 Tmut/Erth      30%        N/A       2%          2
 Sublimation of Blood     Necr           36%        N/A       2%          2
 Wereblood                Tmut           36%        N/A       2%          2
 Mephitic Cloud           Conj/Pois/Air  45%        N/A       2%          3
 Airstrike                Air            29%        2d(5-21)  2%          4
 Frozen Ramparts          Ice            72%        1d11      4%          3
 Hailstorm                Conj/Ice       36%        3d9       4%          3
 Ignite Poison            Fire/Tmut/Pois 36%        N/A       4%          3
 Stone Arrow              Conj/Erth      72%        3d11      4%          3
 Vampiric Draining        Necr           36%        2d8       4%          3
 Volatile Blastmotes      Fire/Tloc      72%        2d16      4%          3
 Haunt                    Necr/Summ      45%        N/A       4%          7
 Animate Dead             Necr           36%        N/A       12%         4
 Flame Wave               Conj/Fire      36%        2d10      12%         4
 Iskenderun's Mystic Bla  Conj/Tloc      36%        2d9       12%         4
 Manifold Assault         Tloc           36%        N/A       12%         4
 Olgreb's Toxic Radiance  Pois           36%        N/A       12%         4
 Petrify                  Tmut/Erth      36%        N/A       12%         4
 Sticky Flame             Conj/Fire      36%        2d6       12%         4
 Freezing Cloud           Conj/Ice/Air   22%        6-21      19%         5
 Agony                    Necr           36%        N/A       30%         5
 Alistair's Intoxication  Tmut/Pois      24%        N/A       30%         5
 Borgnjor's Vile Clutch   Necr/Erth      18%        N/A       30%         5
 Fireball                 Conj/Fire      18%        3d9       30%         5
 Irradiate                Conj/Tmut      18%        3d17      30%         5
 Lee's Rapid Deconstruct  Erth           18%        3d11*     30%         5
 Conjure Ball Lightning   Conj/Air       24%        3x3d7     56%         6
 Plasma Beam              Fire/Air       24%        2x1d36    56%         6
 Death Channel            Necr           18%        N/A       82%         6
 Eringya's Noxious Bog    Tmut/Pois      18%        4d6       82%         6
 Leda's Unmaking          Conj/Erth      18%        9d4       82%         6
 Simulacrum               Ice/Necr       18%        N/A       82%         6
 Starburst                Conj/Fire      18%        6d7       82%         6
 Ozocubu's Refrigeration  Ice            18%        4d11      100%        7
 Ignition                 Fire           18%        3d7       100%        8
 Infestation              Necr           18%        N/A       100%        8
 Maxwell's Capacitive Co  Air            29%        ∞         100%        8
 Polar Vortex             Ice            18%        12d2*     100%        9
 Shatter                  Erth           18%        3d17*     100%        9


Dungeon Overview and Level Annotations

Branches:
Dungeon (15/15)            Temple (1/1) D:4            Lair (5/5) D:9
 Shoals (4/4) Lair:2        Snake (4/4) Lair:3        Slime (5/5) Lair:4
    Orc (2/2) D:9             Elf (3/3) Orc:2        Vaults (5/5) D:13
  Crypt (3/3) Vaults:3       Tomb (1/3) Crypt:3      Depths (4/4) D:15
    Zot (5/5) Depths:4    Desolation (visited)

Altars:
Ashenzari
Cheibriados
Dithmenos
Fedhas
Gozag
Hepliaklqana
Kikubaaqudgha
Makhleb
Nemelex Xobeh
Okawaru
Qazlal
Ru
Sif Muna
Trog
Uskayaw
Vehumet
Wu Jian
Xom
Yredelemnul
Jiyva
Lugonu

Shops:
Orc:2 [:(*:   Elf:2 *   Elf:3 :   Lair:1 =![:*[:([   Shoals:1 =   Snake:2 :=:
Vaults:5 [=   Zot:3 *   Depths:1 *   Depths:2 (   Depths:3 :

Portals:
Hell: Depths:1 Depths:2 Depths:3 Depths:4
Abyss: Lair:5 Depths:2 Depths:3 Depths:4
Pandemonium: Depths:2 Depths:4
Ziggurat: Depths:3

Annotations:
Slime:5 Royal Jelly


Innate Abilities, Weirdness & Mutations

Your natural rate of healing is accelerated.
You have razor-sharp teeth.
You have supernaturally acute eyesight. (SInv)
You are afflicted with vampirism and can become a bat while bloodless.
You are agile. (Dex +4, Str/Int -1)
You sometimes lose your temper in combat.
You are frail. (-10% HP)
You are strong-willed. (Will+)
You occasionally shout uncontrollably at your foes.
Your muscles are strong. (Str +4, Int/Dex -1)
Your spells are a little harder to cast, but a little more powerful.
Your body has grown many eyes which may confuse attackers. (Acc +5)
Your gelatinous body deflects attacks. (AC +3, EV +3)
Armour fits poorly on your pseudopods.
Your translucent skin slightly reduces your foes' accuracy. (Stealth+)
Your melee attacks may engulf your foes in ooze.


Message History

Your shadow dragon disappears in a puff of smoke!
There is a stone staircase leading up here.
You fly upwards.
There is a stone staircase leading down here.
(D) Dungeon (T) Temple (L) Lair (A) Shoals (P) Snake Pit (M) Slime Pits (O) Orcish Mines (E) Elven Halls (V) Vaults (C) Crypt (W) Tomb (U) Depths (H) Hell (Z) Zot
Where to? (Enter - D:2, ? - help)
There is a stone staircase leading up here.
You fly upwards.
There is a stone staircase leading down here.
The roar of the dragon horde subsides.
There is an open door here.
Aiming: Dig
Press: ? - help, Shift-Dir - straight line A rock wall.
This square is covered in magical glow.
The rock shatters into small pieces.
You can once more reach out to the dragon horde.
A ynoxinul comes into view.
You slash the ynoxinul! Your bludgeon misses the ynoxinul.
The ynoxinul is moderately wounded.
The ynoxinul gestures at you. You block the entropic shot.
Casting: Dragon's Call (dangerous; 2% risk of failure)
Confirm with . or Enter, or press ? or * to list all spells.
You call out to the draconic realm, and the dragon horde roars back!
A dragon arrives to answer your call! You block the ynoxinul's attack.
Your ice dragon closely misses the ynoxinul.
Your ice dragon barely misses the ynoxinul.
Your ice dragon tramples the ynoxinul!
The ynoxinul is shoved backwards!
A dragon arrives to answer your call!
The ynoxinul gestures.
Your ice dragon bites the ynoxinul!
The ynoxinul dies!
The ufetubus disappears in a puff of smoke! x2
You swap places.
There is a staircase leading out of the dungeon here.
You have escaped!

##.....###.###.....###.###.
##.....†.##'##.......##'##..
#.........'.'.........'.'÷..
##.......##'##.......##'##..
##.....###.###.....###.###.
##...###...###...###...###
##.###.....###.###...(.##
#'##.......#####.......#
#.+....@D...............
####....D..#####.......#
##.....## ##.....## ##...##
##...### ##.## ##.##.# ###
#'#... #########.#...
#.............
#...........8.


You could see a friendly golden dragon (summoned) and a friendly ice dragon
(summoned).

Vanquished Creatures
  2 tentacled monstrosities
  An Orb Guardian (Zot:5)
  2 draconian monks
  A frost giant (Vaults:5)
  A draconian shifter (Zot:3)
  A servant of whispers (Desolation)
  A soul eater (Depths:1)
  An ironbound convoker (Vaults:3)
  A lindwurm (Vaults:4)
  An orc knight (Orc:2)
  A deep elf zephyrmancer (Elf:1)
  3 blink frogs (Lair:5)
  A yak (Lair:4)
  A small abomination (Lair:5)
  A chaos spawn (Depths:2)
  2 centaurs (Orc:2)
  An orc wizard (D:6)
  A bat (D:1)
  A goblin (D:1)
  2 hobgoblins (D:1)
  2 jackals (D:1)
  A quokka (D:3)
  A frilled lizard (D:3)
  A kobold (D:1)
  3 rats (D:1)
34 creatures vanquished.

Vanquished Creatures (collateral kills)
  A dread lich (Zot:5)
  2 orbs of fire (Zot:5)
  Mara (Shoals:4)
  5 ancient liches
  Mennas (Vaults:4)
  A juggernaut (Depths:1)
  2 pandemonium lords
  4 royal mummies
  The ghost of Foapeaxo the Slayer, a veteran HOMo of Beogh (Crypt:1)
  9 Killer Klowns
  Vv (Zot:2)
  Boris (thrice) (Crypt:2 Depths:3 Vaults:5)
  Margery (Crypt:2)
  4 curse toes
  6 golden dragons
  A Brimstone Fiend (D:9)
  The ghost of Goociwk the Warrior, an adept GrFi of Cheibriados (Crypt:1)
  2 electric golems (Zot:5)
  An iron giant (Zot:2)
  A bone dragon (Crypt:3)
  A Tzitzimitl (Zot:3)
  Mlioglotl (Shoals:4)
  29 Orb Guardians
  13 tentacled monstrosities
  8 quicksilver dragons
  6 liches
  7 deep elf blademasters
  2 krakens (Shoals:2)
  17 acid blobs
  4 deep elf master archers (Elf:3)
  7 titans
  The ghost of Shard1697 the Brawler, an adept DrVM of Gozag (Snake:4)
  8 ancient champions
  7 death cobs
  9 sphinxes
  Kirke (Elf:1)
  4 tengu reavers (Vaults:5)
  Ilsuiw (Shoals:2)
  8 rockslimes
  Donald (Elf:1)
  22 storm dragons
  7 shadow dragons
  4 azure jellies
  2 nagarajas
  20 draconian monks
  4 revenants
  Roxanne (Elf:3)
  10 draconian knights
  An iron dragon (Vaults:5)
  6 fire giants
  7 deep elf sorcerers
  20 vault wardens
  A curse skull (Crypt:2)
  3 daevas (Depths:3)
  An imperial myrmidon (Desolation)
  A balrug (Depths:2)
  2 ghost moths
  8 frost giants
  5 draconian shifters
  3 deep elf elementalists
  7 draconian stormcallers
  A juggernaut zombie (Depths:1)
  The ghost of AwFulAwFulPlayer the Wrestler, a journeyman TrMo of Wu Jian (Shoals:1)
  12 draconian scorchers
  4 angels (Depths:3)
  16 ironbound preservers
  A war gargoyle (Zot:1)
  9 draconian annihilators
  3 reapers
  4 quicksilver oozes
  14 stone giants
  10 vampire knights
  A rockslime zombie (Crypt:1)
  14 formless jellyfish
  28 very ugly things
  9 ironbound thunderhulks
  16 black draconians
  10 green draconians
  14 red draconians
  4 deep elf demonologists
  9 dire elephants
  26 white draconians
  18 yellow draconians
  7 deep elf annihilators
  3 halazid warlocks (Desolation)
  17 purple draconians
  6 spark wasps
  9 deep elf death magi
  Azrael (D:13)
  4 eidola
  9 ettins
  5 merfolk javelineers
  9 mummy priests
  2 crystal guardians (Desolation)
  8 merfolk impalers
  5 entropy weavers
  4 deep elf high priests
  Josephine (Orc:1)
  13 yaktaur captains
  13 fire dragons
  7 great orbs of eyes
  3 ragged hierophants (Desolation)
  13 jiangshi
  5 servants of whispers (Desolation)
  A hell beast (D:8)
  10 ironbound frosthearts
  35 vault guards
  3 ice dragons
  10 peacekeepers
  2 rakshasas
  6 salamander tyrants
  A catoblepas (D:10)
  10 nameless horrors
  A spriggan air mage (Depths:3)
  5 merfolk aquamancers
  2 alligator snapping turtles
  A fenstrider witch skeleton (Crypt:2)
  4 hydras
  An ogre mage (Orc:2)
  9 anacondas
  4 two-headed ogres
  4 merfolk avatars
  A death knight (Crypt:3)
  18 centaur warriors
  5 boulder beetles
  5 deep troll shamans
  9 deep troll earth magi
  6 naga warriors
  8 death scarabs (Tomb:1)
  A death yak (D:14)
  3 thrashing horrors (Lair:5)
  6 tengu warriors
  32 dancing weapons
  8 naga sharpshooters
  7 vampire magi
  12 hell knights
  3 spriggan berserkers
  A demonic crawler (Depths:1)
  6 skysharks
  An orc high priest (Elf:1)
  2 titan zombies
  9 shock serpents
  3 soul eaters
  Sonja (Lair:2)
  21 deep elf knights
  6 iron trolls
  17 skeletal warriors
  2 shadow wraiths
  4 salamander mystics
  16 sea snakes
  6 flayed ghosts
  A ghost moth zombie (Crypt:3)
  A death drake (shapeshifter) (Vaults:5)
  6 cherubim (Depths:3)
  An anaconda zombie (Tomb:1)
  48 deep trolls
  A kraken simulacrum (Shoals:4)
  11 wizards
  A spriggan simulacrum (D:14)
  3 orc knights
  An obsidian statue (Zot:5)
  4 phantasmal warriors
  9 deep elf archers
  9 lindwurms (Vaults:2)
  21 ironbound convokers
  5 naga ritualists
  14 necromancers
  A sphinx zombie (Vaults:2)
  37 harpies
  A wolf spider zombie (D:15)
  A broodmother zombie (Crypt:2)
  8 mana vipers
  25 deep elf pyromancers
  18 salamanders
  6 orc sorcerers
  41 ugly things
  3 oklob plants
  A fire giant zombie (Vaults:2)
  28 deep elf zephyrmancers
  9 shining eyes
  A shadow dragon skeleton (Depths:3)
  A toenail golem (Zot:1)
  8 cyclopes
  A cyclops (shapeshifter) (Vaults:3)
  15 merfolk sirens
  A centaur zombie (D:15)
  17 manticores
  11 fauns
  27 moths of wrath
  A dire elephant zombie (Tomb:1)
  14 elephants
  36 black mambas
  17 naga magi
  An iron dragon skeleton (Crypt:3)
  A rust devil (Zot:2)
  A titan simulacrum (Crypt:3)
  A water nymph (shapeshifter) (Lair:5)
  2 ice statues (D:14)
  17 vault sentinels
  A human zombie (Vaults:2)
  4 eyes of devastation
  6 cane toads
  4 water nymphs
  An orange demon (Depths:2)
  2 gargoyles
  11 guardian serpents
  2 smoke demons
  A molten gargoyle (Desolation)
  5 unseen horrors (D:12)
  A green draconian zombie (Crypt:2)
  A redback zombie (D:15)
  2 hellions
  8 komodo dragons
  A komodo dragon (shapeshifter) (Elf:1)
  A centaur skeleton (D:15)
  A kobold demonologist (D:12)
  4 efreet
  45 yaktaurs
  4 rime drakes
  8 freezing wraiths
  A bunyip simulacrum (Tomb:1)
  4 tengu conjurers
  A pale draconian skeleton (Crypt:2)
  A yellow draconian skeleton (Crypt:2)
  15 guardian mummies
  A red devil (Depths:2)
  5 wind drakes
  2 meliai
  10 trolls
  A wind drake (shapeshifter) (D:14)
  2 polar bears
  An iron troll skeleton (Crypt:1)
  A tengu simulacrum (Crypt:1)
  A hellwing (Depths:2)
  A raiju (Lair:5)
  4 hornets
  7 dream sheep (Lair:5)
  Grinder (D:4)
  48 saltlings (Desolation)
  A tarantella (Vaults:1)
  39 merfolk
  A human simulacrum (Vaults:2)
  A dream sheep (shapeshifter) (D:15)
  11 snapping turtles
  14 blink frogs
  An ettin zombie (Depths:1)
  101 slime creatures
  A jumping spider (shapeshifter) (D:11)
  An alligator skeleton (Crypt:1)
  2 shadows
  An air elemental (Elf:3)
  3 jumping spiders (Vaults:3)
  7 vampires
  3 ynoxinuls
  A culicivora (shapeshifter) (Elf:2)
  Sigmund (D:6)
  5 wyverns
  18 yaks
  A culicivora (Vaults:1)
  4 spriggans
  25 water elementals
  13 wraiths
  A yak (shapeshifter) (Lair:5)
  A slime creature zombie (Crypt:1)
  6 golden eyes
  A dire elephant simulacrum (Crypt:3)
  8 basilisks
  4 fire elementals
  14 vampire mosquitoes
  4 chaos spawn
  An ice dragon skeleton (Tomb:1)
  A minotaur simulacrum (D:14)
  5 hogs (Elf:1)
  A redback (shapeshifter) (Elf:1)
  4 redbacks
  A wind drake skeleton (Crypt:1)
  2 harpy simulacra
  A water nymph zombie (Crypt:2)
  26 nagas
  2 wargs
  A large abomination (Zot:1)
  An acid dragon (D:12)
  A hydra simulacrum (D:14)
  18 water moccasins
  A glowing shapeshifter zombie (Vaults:2)
  3 hell hounds (D:13)
  A fire bat skeleton (Crypt:3)
  A floating eye (D:12)
  A demonspawn skeleton (Crypt:1)
  2 ice beasts
  33 orc warriors
  A swamp dragon zombie (Crypt:1)
  7 black bears
  A hornet zombie (Crypt:1)
  10 ogres
  A snapping turtle skeleton (Crypt:2)
  10 wolves
  18 centaurs
  A torpor snail zombie (Crypt:3)
  A phantom (D:7)
  A hog skeleton (Crypt:1)
  5 elf zombies
  A kobold brigand (D:7)
  5 gnoll sergeants
  A scorpion (D:5)
  11 bullfrogs
  An earth elemental (Elf:2)
  A glowing shapeshifter simulacrum (Depths:3)
  An entropy weaver simulacrum (D:14)
  10 small abominations (Lair:5)
  10 wights
  20 jellies
  9 killer bees (D:9)
  4 electric eels (Snake:2)
  5 howler monkeys
  2 lava snakes (Lair:3)
  2 hounds
  13 orc priests
  7 sleepcaps
  An iguana (D:6)
  Ijyb (D:4)
  Natasha (thrice) (D:4)
  20 orc wizards
  An ogre skeleton (Crypt:2)
  8 mummies (Tomb:1)
  6 adders
  10 gnolls
  A shadow imp (D:7)
  3 white imps
  A worm zombie (Crypt:3)
  An iguana zombie (Crypt:3)
  3 worms
  2 dart slugs (D:2)
  70 orcs
  8 bats
  9 endoplasms
  5 giant cockroaches
  12 goblins
  7 hobgoblins
  6 jackals (D:1)
  3 quokkas
  A ball python (D:1)
  5 frilled lizards
  A frilled lizard zombie (Crypt:3)
  A gnoll zombie (Crypt:2)
  6 kobolds
  6 rats
  A river rat skeleton (Crypt:3)
  2 spectral weapons (Zot:5)
  3 tentacles (Shoals:2)
2489 creatures vanquished.

Vanquished Creatures (others)
  2 tentacled monstrosities (Zot:3)
  8 eldritch tentacles
  A shadow dragon (D:12)
  A tengu reaver (D:12)
  A draconian annihilator (Zot:3)
  An orc warlord (Orc:1)
  A draconian stormcaller (Zot:3)
  An ironbound preserver (D:13)
  A red draconian (Zot:3)
  A yellow draconian (Zot:3)
  An ettin (D:12)
  3 hydras
  A centaur warrior (D:12)
  2 boulder beetles (D:12)
  2 two-headed ogres
  A deep troll earth mage (D:12)
  Urug (Lair:2)
  A skyshark (shapeshifter) (Vaults:5)
  3 skeletal warriors
  3 glowing orange brains
  2 wizards
  Pikel (D:7)
  A harpy (shapeshifter) (D:12)
  An ugly thing (D:12)
  A cyclops (D:12)
  2 cyclopes (shapeshifter) (Vaults:5)
  A salamander (shapeshifter) (Vaults:5)
  2 moths of wrath (Zot:3)
  A guardian serpent (Desolation)
  A manticore (D:9)
  2 gargoyles
  A cane toad (Lair:1)
  A yaktaur (D:11)
  A rime drake (shapeshifter) (Vaults:5)
  A polar bear (Lair:1)
  A meliai (D:9)
  3 trolls
  A blink frog (Lair:2)
  A water elemental (Depths:1)
  2 yaks
  A human (Elf:1)
  A steam dragon (D:9)
  A basilisk (Lair:2)
  An acid dragon (D:12)
  2 water moccasins
  5 orc warriors
  A black bear (Lair:1)
  A small abomination (Lair:5)
  11 wolves
  An ogre (D:5)
  A centaur (Orc:2)
  A wolf (shapeshifter) (Vaults:5)
  A bullfrog (D:7)
  5 wights
  120 jellies
  A warg skeleton (Crypt:1)
  Crazy Yiuf (D:7)
  An orc wizard (D:10)
  A hound skeleton (Crypt:3)
  A gnoll (D:13)
  3 orcs
  18 tentacles
242 creatures vanquished.

Grand Total: 2765 creatures vanquished

Notes
Turn   | Place    | Note
-------+----------+-------------------------------------------
     0 | D:1      | cforsyth the Vampire Summoner began the quest for the Orb.
     0 | D:1      | Reached XP level 1. HP: 13/13 MP: 3/3
   208 | D:1      | Reached XP level 2. HP: 7/19 MP: 1/5
   469 | D:1      | Learned a level 2 spell: Call Imp
   540 | D:1      | Gained mutation: You are afflicted with vampirism and can
                  | become a bat while bloodless. [Vampire growth]
   540 | D:1      | Reached XP level 3. HP: 24/24 MP: 3/6
   544 | D:1      | Learned a level 3 spell: Call Canine Familiar
  1463 | D:2      | Reached XP level 4. HP: 17/30 MP: 4/8
  1762 | D:2      | Found a burning altar of Makhleb.
  1807 | D:2      | Found a faded altar of an unknown god.
  2638 | D:2      | Learned a level 3 spell: Summon Guardian Golem
  4342 | D:4      | Reached skill level 5 in Summonings
  4381 | D:4      | Reached XP level 5. HP: 35/35 MP: 1/10
  4472 | D:4      | Noticed Grinder
  4617 | D:4      | Noticed Ijyb
  4651 | D:4      | Killed Ijyb
  4947 | D:4      | Noticed Natasha
  4952 | D:4      | Killed Natasha
  5056 | D:4      | Reached XP level 6. HP: 39/41 MP: 5/12
  5244 | D:4      | Noticed Natasha
  5252 | D:4      | Killed Natasha
  5316 | D:4      | Killed Grinder
  5317 | D:4      | Reached skill level 6 in Summonings
  5317 | D:4      | Reached XP level 7. HP: 32/46 MP: 3/14
  5322 | D:4      | Learned a level 4 spell: Summon Lightning Spire
  5397 | D:4      | Found a staircase to the Ecumenical Temple.
  5410 | Temple   | Entered the Ecumenical Temple
  5439 | Temple   | Became a worshipper of Gozag Ym Sagoz the Greedy
  5649 | D:4      | Noticed Natasha
  5656 | D:4      | Killed Natasha
  5657 | D:4      | Reached skill level 5 in Spellcasting
  5729 | D:5      | Entered Level 5 of the Dungeon
  5934 | D:5      | Reached skill level 7 in Summonings
  6601 | D:6      | Reached XP level 8. HP: 52/52 MP: 8/17
  6677 | D:6      | Found a bloodstained altar of Trog.
  6810 | D:6      | Found a shimmering blue altar of Sif Muna.
  6924 | D:6      | Reached skill level 8 in Summonings
  7364 | D:6      | Noticed Sigmund
  7401 | D:6      | Killed Sigmund
  7845 | D:7      | Noticed Pikel
  8218 | D:7      | Reached skill level 9 in Summonings
  8457 | D:7      | Reached XP level 9. HP: 57/57 MP: 20/20
  8538 | D:7      | Reached skill level 1 in Hexes
  8692 | D:7      | Reached skill level 1 in Air Magic
  8876 | D:7      | Identified the +4 dagger of Laceration {flame, rElec Int-3
                  | Dex+4}
  9012 | D:7      | Killed Pikel
  9853 | D:7      | Found a runed translucent door.
  9854 | D:7      | Noticed Crazy Yiuf
  9893 | D:7      | Killed Crazy Yiuf
 10271 | D:8      | Reached skill level 10 in Summonings
 10653 | D:8      | Found an ancient bone altar of Kikubaaqudgha.
 10662 | D:8      | Reached XP level 10. HP: 63/63 MP: 23/23
 11120 | D:9      | Found a staircase to the Lair.
 11137 | D:9      | Reached skill level 1 in Fighting
 11444 | D:9      | Found the +8 demon blade "Leech" {evervamp, Harm Drain rN+}
 11530 | D:9      | Found a staircase to the Orcish Mines.
 11583 | D:9      | Noticed a manticore
 11589 | D:9      | Killed a manticore
 11725 | D:9      | Noticed a cyclops
 11735 | D:9      | Killed a cyclops
 11970 | D:9      | Noticed a two-headed ogre
 11977 | D:9      | Killed a two-headed ogre
 12350 | D:10     | Entered Level 10 of the Dungeon
 12357 | D:10     | Noticed a gargoyle
 12506 | D:9      | Reached skill level 11 in Summonings
 12781 | D:9      | Reached skill level 5 in Dodging
 13086 | D:10     | Noticed a catoblepas
 13352 | D:10     | Killed a gargoyle
 13468 | D:10     | Killed a catoblepas
 13469 | D:10     | Reached XP level 11. HP: 74/77 MP: 13/24
 14738 | D:11     | Noticed a red ugly thing
 14748 | D:11     | Killed a red ugly thing
 14753 | D:11     | Reached skill level 5 in Fighting
 15947 | D:11     | Noticed a centaur warrior
 15956 | D:11     | Killed a centaur warrior
 16032 | D:11     | Reached skill level 12 in Summonings
 16223 | D:11     | Identified the +4 dagger of Yesterday {flame, +Blink rElec
                  | rC+++ Dex-2}
 16223 | D:11     | Noticed a skeletal warrior
 16248 | D:11     | Killed a skeletal warrior
 16537 | D:11     | Noticed a two-headed ogre
 16545 | D:11     | Killed a two-headed ogre
 16612 | D:11     | Noticed a two-headed ogre
 16637 | D:11     | Killed a two-headed ogre
 17415 | D:11     | Noticed a two-headed ogre
 17426 | D:11     | Killed a two-headed ogre
 17434 | D:11     | Reached XP level 12. HP: 89/89 MP: 12/25
 18218 | D:11     | Identified the ring of Xom's Bemusement {AC+4 Int+2 Dex+3}
 18508 | D:12     | Reached skill level 13 in Summonings
 18679 | D:12     | Noticed a boulder beetle
 18701 | D:12     | Killed a boulder beetle
 18707 | D:12     | Noticed a two-headed ogre
 18713 | D:12     | Killed a two-headed ogre
 18806 | D:12     | Paralysed by a floating eye for 3 turns
 18935 | D:12     | Noticed a boulder beetle
 18976 | D:12     | Killed a boulder beetle
 18977 | D:12     | Reached skill level 14 in Summonings
 19467 | D:12     | Noticed a two-headed ogre
 19483 | D:12     | Killed a two-headed ogre
 20128 | D:12     | Reached skill level 15 in Summonings
 20303 | D:12     | Noticed a fire dragon
 20303 | D:12     | Noticed a centaur warrior
 20303 | D:12     | Noticed a five-headed hydra
 21080 | D:12     | Noticed a boulder beetle
 21167 | D:12     | Killed a boulder beetle
 21168 | D:12     | Reached XP level 13. HP: 96/96 MP: 17/26
 21412 | D:12     | Killed a fire dragon
 21657 | D:12     | Reached skill level 16 in Summonings
 22333 | D:12     | Noticed a shadow dragon
 22412 | D:12     | Killed a shadow dragon
 22970 | D:12     | Noticed an ettin
 22987 | D:12     | Killed an ettin
 23059 | D:12     | Noticed a tengu reaver
 23218 | D:12     | Killed a tengu reaver
 23219 | D:12     | Reached skill level 17 in Summonings
 23389 | D:12     | Identified the +0 shadow dragon scales "Ucebec" {Rampage
                  | Stlth++++}
 23394 | D:12     | Got Muvihy's Tome of Coarse Sciomancy
 23660 | Lair:1   | Entered Level 1 of the Lair of Beasts
 25288 | Lair:2   | Noticed Sonja
 25298 | Lair:2   | Killed Sonja
 25311 | Lair:2   | Reached skill level 18 in Summonings
 25313 | Lair:2   | Noticed Urug
 25323 | Lair:2   | Killed Urug
 26093 | Lair:2   | Found a staircase to the Shoals.
 26684 | Lair:2   | Identified the ring of the Baleful Rambutan {rF+ Int+4}
 27060 | Lair:1   | Bought a book of Beasts for 532 gold pieces
 27060 | Lair:1   | Bought a book of Blood for 392 gold pieces
 27068 | Lair:1   | Learned a level 5 spell: Summon Mana Viper
 27076 | Lair:1   | Learned a level 7 spell: Summon Hydra
 27569 | Lair:3   | Reached XP level 14. HP: 94/103 MP: 16/27
 28233 | Lair:3   | Reached skill level 19 in Summonings
 28359 | Lair:3   | Identified the ring of Fesmaqeh {Fly Dex+2 Stlth+}
 28784 | Lair:3   | Found a staircase to the Snake Pit.
 29037 | Lair:4   | You fall into a shaft and drop 1 floor!
 29037 | Lair:5   | Entered Level 5 of the Lair of Beasts
 29917 | Lair:4   | Found a staircase to the Slime Pits.
 30254 | Lair:4   | Identified the +3 spear "Deoxziudam" {freeze, Int+4}
 30696 | Lair:4   | Reached skill level 20 in Summonings
 33131 | Lair:5   | Reached skill level 21 in Summonings
 34209 | Lair:5   | Identified the +1 rapier of Amorality {drain, Str-2 Dex+2
                  | Stlth+}
 34256 | Lair:5   | Found a corrupted altar of Lugonu.
 34256 | Lair:5   | Found a one-way gate to the infinite horrors of the Abyss.
 34623 | Orc:1    | Entered Level 1 of the Orcish Mines
 34919 | Orc:2    | Entered Level 2 of the Orcish Mines
 34952 | Orc:2    | Reached skill level 10 in Spellcasting
 35067 | Orc:2    | Noticed Josephine
 35475 | Orc:2    | Noticed an orc warlord
 35485 | Orc:1    | Killed an orc warlord
 36043 | D:13     | Reached XP level 15. HP: 94/95 MP: 19/29
 36053 | D:13     | Learned a level 9 spell: Dragon's Call
 36133 | D:13     | Noticed Azrael
 36137 | D:13     | Killed Azrael
 37233 | D:13     | Found a gate to the Vaults.
 38223 | Orc:1    | Killed Josephine
 39387 | Orc:2    | Reached skill level 22 in Summonings
 39812 | Orc:2    | Found a staircase to the Elven Halls.
 40552 | Orc:2    | Found Gokhlov's Armour Boutique.
 40829 | Orc:2    | Found Ohaimm's General Store.
 40829 | Orc:2    | Found Kiewil's Antique Weapon Shoppe.
 40831 | Orc:2    | Found Zetion's Book Emporium.
 40833 | Orc:2    | Found Isehugum's Book Shop.
 40837 | Orc:2    | Bought a potion of curing for 39 gold pieces
 40837 | Orc:2    | Bought a potion of heal wounds for 65 gold pieces
 40837 | Orc:2    | Bought a potion of curing for 39 gold pieces
 40837 | Orc:2    | Bought a scroll of teleportation for 39 gold pieces
 40940 | Orc:2    | Bought a brightly glowing short sword for 208 gold pieces
 40940 | Orc:2    | Identified the +10 short sword "Zaroe" {drain, +Blink
                  | Will+} (You bought it in a shop on level 2 of the Orcish
                  | Mines)
 42157 | D:14     | Noticed a frost giant
 42164 | D:14     | Killed a frost giant
 43657 | D:15     | Entered Level 15 of the Dungeon
 43903 | D:15     | Reached XP level 16. HP: 115/115 MP: 6/32
 43907 | D:15     | Found a staircase to the Depths.
 45159 | Snake:1  | Entered Level 1 of the Snake Pit
 45384 | Snake:1  | Reached skill level 23 in Summonings
 48078 | Snake:2  | Found Caus's Book Boutique.
 48080 | Snake:2  | Found Koathriol's Jewellery Emporium.
 48082 | Snake:2  | Found Zutzu's Book Boutique.
 49183 | Snake:3  | Found a radiant altar of Vehumet.
 49582 | Snake:4  | Entered Level 4 of the Snake Pit
 49591 | Snake:4  | Found a transporter.
 49596 | Snake:4  | Noticed Shard1697's ghost (adept DrVM)
 49790 | Lair:1   | Bought the ring of Qyedwuju {Wiz Fly rElec rPois Str-3} for
                  | 572 gold pieces
 49958 | Snake:4  | Found a transporter.
 49968 | Snake:4  | Reached XP level 17. HP: 120/120 MP: 16/35
 50126 | Snake:4  | Identified the +0 leather armour of Wigaxaoz {Stlth+}
 50915 | Snake:4  | Identified the +5 scimitar "Tisesh" {venom, MP+9}
 51122 | Snake:4  | Identified the +9 falchion of Duty {holy, rN+ rCorr Str+4}
 51276 | Snake:4  | Reached skill level 15 in Spellcasting
 51288 | Snake:4  | Noticed a quicksilver dragon
 51293 | Snake:4  | Killed a quicksilver dragon
 51294 | Snake:4  | Reached skill level 10 in Dodging
 51297 | Snake:4  | Noticed a quicksilver dragon
 51300 | Snake:4  | Killed a quicksilver dragon
 51509 | Snake:4  | Got a serpentine rune of Zot
 51511 | Snake:4  | Identified a scroll of acquirement
 51784 | Snake:4  | Acquired 667 gold pieces
 51808 | Snake:4  | Killed Shard1697's ghost
 52085 | Shoals:1 | Entered Level 1 of the Shoals
 52085 | Shoals:1 | Found a large runed translucent door.
 52085 | Shoals:1 | Found a large runed translucent door.
 52086 | Shoals:1 | Noticed AwFulAwFulPlayer's ghost (journeyman TrMo)
 52788 | Shoals:1 | Found Xoyfed Liod's Jewellery Boutique.
 53227 | Shoals:1 | Killed AwFulAwFulPlayer's ghost
 53669 | Shoals:2 | Noticed Ilsuiw
 53683 | Shoals:2 | Killed Ilsuiw
 53911 | Shoals:2 | Noticed a kraken
 53931 | Shoals:2 | Killed a kraken
 54118 | Shoals:2 | Noticed a kraken
 54127 | Shoals:2 | Killed a kraken
 54324 | Shoals:2 | You are sucked into a shaft and drop 1 floor!
 54331 | Shoals:3 | Reached XP level 18. HP: 134/134 MP: 31/37
 54331 | Shoals:3 | Reached skill level 10 in Fighting
 54331 | Shoals:3 | Reached XP level 19. HP: 140/140 MP: 31/38
 55508 | Shoals:4 | Entered Level 4 of the Shoals
 55611 | Shoals:4 | Noticed Mara
 55616 | Shoals:4 | Noticed cforsyth's illusion
 55623 | Shoals:4 | Killed Mara
 55994 | Shoals:4 | Noticed Mlioglotl
 55997 | Shoals:4 | Reached skill level 1 in Shields
 56001 | Shoals:4 | Killed Mlioglotl
 56213 | Shoals:4 | Reached skill level 5 in Shields
 56538 | Shoals:4 | Acquired 636 gold pieces
 56620 | Shoals:4 | Got a barnacled rune of Zot
 56664 | Shoals:4 | Identified the ring of Tuoxt {Wiz Str-5 Dex+6 SInv}
 56933 | Shoals:4 | Found the +7 great mace "Firestarter" {flame, immolate,
                  | rFlCloud rF++}
 57175 | Snake:2  | Bought a manual of Shields for 1440 gold pieces
 57405 | Vaults:1 | Entered Level 1 of the Vaults
 57554 | Vaults:1 | Reached skill level 10 in Shields
 57626 | Vaults:1 | Found a crumbling gateway.
 57685 | Desolati | Entered the Desolation of Salt
 57715 | Desolati | Reached XP level 20. HP: 84/150 MP: 35/40
 58009 | Desolati | Identified the +4 ring mail "Zypluirph" {Harm Dex+3}
 58010 | Desolati | Identified the amulet of Uxtap {Acrobat *Corrode +Blink
                  | Int+2 SInv}
 58014 | Desolati | Got the Opusculum on Breezy Reconstruction
 58015 | Desolati | Identified the +12 great mace "Wenayg" {heavy, Str+3}
 58016 | Desolati | Identified the +9 plate armour of the Devil {rElec rF++
                  | Dex-4 SInv}
 58365 | Desolati | Got the Vellum of the Vanishing People
 58371 | Desolati | Identified the ring of Summertime {rN+ SInv}
 58374 | Desolati | Identified the +8 mace "Gaobanod" {venom, rElec rC- Int+6
                  | Dex+2}
 58689 | Desolati | Identified the ring of Neagor {rF+ rN++ Will+ rCorr Int-3}
 60335 | Vaults:2 | Reached skill level 15 in Shields
 60876 | Vaults:2 | Reached skill level 24 in Summonings
 61262 | Vaults:2 | Identified the +5 halberd of the Final Chapter {vamp,
                  | Dex+4}
 61915 | Vaults:3 | Reached XP level 21. HP: 156/156 MP: 21/41
 62181 | Vaults:3 | Paralysed by a formless jellyfish for 1 turns
 62628 | Vaults:3 | Identified the +1 leather armour "Marav" {rC+ Regen+ SInv}
 63091 | Vaults:3 | Found a staircase to the Crypt.
 63181 | Vaults:3 | Identified the +1 helmet of Vanity {Drain Fly Regen+ Str+3}
 63463 | Vaults:3 | Found Ymogof's Weapon Shop.
 63607 | Vaults:3 | Upgraded the game from 0.31-a0-339-gda1cbd555d to
                  | 0.31-a0-344-gd109795599
 63785 | Vaults:4 | Noticed an ancient lich
 63791 | Vaults:4 | Killed an ancient lich
 63880 | Vaults:4 | Paralysed by a formless jellyfish for 1 turns
 63905 | Vaults:4 | Noticed Mennas
 63916 | Vaults:4 | Killed Mennas
 64002 | Vaults:4 | Reached skill level 25 in Summonings
 64502 | Vaults:4 | Identified the +0 leather armour of Oblivion {-Cast rF++
                  | Str+2}
 64504 | Vaults:4 | Identified the staff "Animen" {rC+ Conj}
 65371 | Elf:1    | Entered Level 1 of the Elven Halls
 65538 | Elf:1    | Noticed Donald
 65544 | Elf:1    | Killed Donald
 65554 | Elf:1    | Found a transporter.
 65558 | Elf:1    | Found a transporter.
 65841 | Elf:1    | Noticed Kirke
 65846 | Elf:1    | Killed Kirke
 65897 | Elf:1    | Found a transporter.
 65898 | Elf:1    | Found a transporter.
 65920 | Elf:1    | Found a transporter.
 65921 | Elf:1    | Found a transporter.
 66267 | Elf:1    | Reached XP level 22. HP: 165/165 MP: 27/44
 66610 | Elf:1    | Got the Anthology of Malevolent Rites
 66888 | Elf:2    | Found Jyepnom's Assorted Antiques.
 67092 | Elf:2    | Found a huge runed translucent gate.
 67092 | Elf:2    | Found a huge runed translucent gate.
 67099 | Elf:2    | Found a huge runed translucent gate.
 67131 | Elf:2    | Found a huge runed translucent gate.
 67180 | Elf:2    | Found a huge runed translucent gate.
 68052 | Elf:3    | Entered Level 3 of the Elven Halls
 68311 | Elf:3    | Noticed Roxanne
 68319 | Elf:3    | Killed Roxanne
 68436 | Elf:3    | Reached skill level 15 in Dodging
 68576 | Elf:3    | Found Fisanock's Book Emporium.
 68678 | Orc:2    | Bought an Inescapable Atlas for 176 gold pieces
 68727 | Lair:1   | Bought a masterwork scimitar for 189 gold pieces
 68727 | Lair:1   | Identified the +8 scimitar of Slimy Valour {protect, Int+3
                  | Dex+3} (You bought it in a shop on level 1 of the Lair of
                  | Beasts)
 68731 | Lair:1   | Bought a potion of haste for 160 gold pieces
 68731 | Lair:1   | Bought 2 potions of haste for 320 gold pieces
 68731 | Lair:1   | Bought a potion of haste for 160 gold pieces
 68735 | Lair:1   | Bought a pair of bloodstained boots for 380 gold pieces
 68735 | Lair:1   | Identified the -1 pair of boots of the Iron City of Dis
                  | {rC+ Regen+ Dex+3} (You bought it in a shop on level 1 of
                  | the Lair of Beasts)
 69469 | Elf:3    | Identified the ring of Yczyorch {rN+ MP+9 Stlth+}
 69488 | Elf:3    | Identified the +9 falchion of Ashenzari's Pride {drain,
                  | rC+}
 69489 | Elf:3    | Identified the +5 flail "Iskulat" {elec, rF+ Int+3}
 69490 | Elf:3    | Identified the +2 rapier "Biakot" {drain, +Blink rPois
                  | Str-5 Int+4}
 69501 | Elf:3    | Got the Elucidation of Objectivity
 69549 | Elf:3    | Identified the +4 helmet "Diduz" {Harm Will+ Str-3 Dex+3}
 69945 | Slime:1  | Entered Level 1 of the Pits of Slime
 70681 | Elf:3    | Paralysed by an air elemental for 1 turns
 71447 | Slime:3  | Reached XP level 23. HP: 161/175 MP: 27/46
 71578 | Slime:3  | Reached skill level 26 in Summonings
 72184 | Slime:2  | Reached skill level 5 in Hexes
 73626 | Slime:5  | Entered Level 5 of the Pits of Slime
 73789 | Slime:5  | Gained mutation: You occasionally shout uncontrollably at
                  | your foes. [a shining eye]
 74147 | Slime:5  | Noticed the Royal Jelly
 74264 | Slime:5  | Found a viscous altar of Jiyva.
 74634 | Lair:1   | Bought an ancient war axe for 306 gold pieces
 74634 | Lair:1   | Identified the +5 war axe of Dim Light {venom, *Corrode rF+
                  | rC+++ Int+3} (You bought it in a shop on level 1 of the
                  | Lair of Beasts)
 74634 | Lair:1   | Bought an ichor-stained hand axe for 288 gold pieces
 74634 | Lair:1   | Identified the +9 hand axe "Cufraevaog" {freeze, *Rage
                  | Will++ Int+4} (You bought it in a shop on level 1 of the
                  | Lair of Beasts)
 74635 | Lair:1   | Bought a scroll of teleportation for 63 gold pieces
 74640 | Lair:1   | Bought a potion of brilliance for 64 gold pieces
 74772 | Slime:5  | Fell from the grace of Gozag
 74772 | Slime:5  | Became a worshipper of Jiyva Jidghage the Shapeless
 75294 | Crypt:1  | Entered Level 1 of the Crypt
 75695 | Crypt:1  | Noticed Goociwk's ghost (adept GrFi)
 75805 | Crypt:1  | Found a transporter.
 75809 | Crypt:1  | Noticed a royal mummy
 75886 | Crypt:1  | Found a transporter.
 75913 | Crypt:1  | Reached * piety under Jiyva
 76080 | Crypt:1  | Noticed Foapeaxo's ghost (veteran HOMo)
 77152 | Crypt:1  | Killed a royal mummy
 77159 | Crypt:1  | Killed Foapeaxo's ghost
 77168 | Crypt:1  | Killed Goociwk's ghost
 77191 | Crypt:1  | Identified the +0 pair of boots "Yjal" {rF+}
 77560 | Crypt:2  | Reached ** piety under Jiyva
 77583 | Crypt:2  | Noticed Margery
 78084 | Crypt:2  | Killed Margery
 78183 | Crypt:2  | Noticed Boris
 78193 | Crypt:2  | Killed Boris
 78552 | Crypt:1  | Found an ancient bone altar of Kikubaaqudgha.
 78586 | Crypt:3  | Entered Level 3 of the Crypt
 78915 | Crypt:3  | Reached skill level 10 in Hexes
 78917 | Crypt:3  | Reached XP level 24. HP: 128/148 MP: 38/46
 79131 | Crypt:3  | Reached *** piety under Jiyva
 79147 | Crypt:3  | Gained mutation: Your translucent skin slightly reduces
                  | your foes' accuracy. (Stealth+) [Jiyva's grace]
 79147 | Crypt:3  | Gained mutation: Your translucent skin reduces your foes'
                  | accuracy. (Stealth+) [Jiyva's grace]
 79147 | Crypt:3  | Gained mutation: Your transparent skin significantly
                  | reduces your foes' accuracy. (Stealth+) [Jiyva's grace]
 79147 | Crypt:3  | Gained mutation: You expend magic power (3 MP) to
                  | strengthen your wands. [Jiyva's grace]
 79375 | Crypt:3  | Found an ancient bone altar of Kikubaaqudgha.
 79379 | Crypt:3  | Found a basalt altar of Yredelemnul.
 79438 | Crypt:3  | Identified the staff "Muaggeeck" {rElec rF- rN+ Will++
                  | Necro}
 79774 | Crypt:3  | Found a staircase to the Tomb.
 79780 | Tomb:1   | Entered Level 1 of the Tomb of the Ancients
 80308 | Tomb:1   | Acquired 1050 gold pieces
 80374 | Tomb:1   | Reached **** piety under Jiyva
 80517 | Tomb:1   | Noticed a royal mummy
 80522 | Tomb:1   | Noticed a royal mummy
 80523 | Tomb:1   | Killed a royal mummy
 80531 | Tomb:1   | Killed a royal mummy
 80883 | Tomb:1   | Noticed a royal mummy
 80888 | Tomb:1   | Killed a royal mummy
 81666 | Depths:1 | Entered Level 1 of the Depths
 81679 | Depths:1 | Found an ornate altar of the Wu Jian Council.
 81718 | Depths:1 | Noticed a juggernaut
 81725 | Depths:1 | Killed a juggernaut
 81751 | Depths:1 | Reached skill level 15 in Fighting
 81882 | Depths:1 | Identified the +0 pair of boots "Zistreuts" {rF++ Will+++
                  | Dex-2}
 82009 | Depths:1 | Found a gateway to Hell.
 82014 | Depths:1 | Found Beowkugi's Assorted Antiques.
 82020 | Depths:1 | Bought 3 scrolls of enchant armour for 900 gold pieces
 82020 | Depths:1 | Bought a scroll of enchant armour for 300 gold pieces
 82020 | Depths:1 | Bought a scroll of teleportation for 120 gold pieces
 82033 | Depths:1 | Reached ***** piety under Jiyva
 82281 | Depths:2 | Lost mutation: Your transparent skin significantly reduces
                  | your foes' accuracy. (Stealth+) [Jiyva's grace]
 82281 | Depths:2 | Lost mutation: You expend magic power (3 MP) to strengthen
                  | your wands. [Jiyva's grace]
 82281 | Depths:2 | Gained mutation: Your muscles are strong. (Str +4, Int/Dex
                  | -1) [Jiyva's grace]
 82281 | Depths:2 | Gained mutation: Your muscles are very strong. (Str +8,
                  | Int/Dex -2) [Jiyva's grace]
 82281 | Depths:2 | Gained mutation: Your rubbery body absorbs attacks. (AC +1,
                  | EV +1) [Jiyva's grace]
 82281 | Depths:2 | Gained mutation: Your pliable body absorbs attacks. (AC +2,
                  | EV +2) [Jiyva's grace]
 82703 | Depths:2 | Found Mila's Weapon Boutique.
 82935 | Depths:2 | Found a one-way gate leading to the halls of Pandemonium.
 83392 | Depths:3 | Found a shimmering altar of Xom.
 83394 | Depths:3 | Noticed Boris
 83405 | Depths:3 | Killed Boris
 83689 | Depths:2 | Reached XP level 25. HP: 197/197 MP: 26/47
 83910 | Depths:3 | Found a one-way gateway to a ziggurat.
 84009 | Depths:3 | Found Wiesimog's Book Boutique.
 84019 | Depths:3 | Bought a manual of Stealth for 1280 gold pieces
 85064 | Depths:3 | Got the Directory of the Wasteland
 85242 | Depths:3 | Reached ****** piety under Jiyva
 85355 | Depths:4 | Entered Level 4 of the Depths
 85519 | Depths:4 | Was forgiven by Gozag
 85538 | Depths:4 | Lost mutation: Your muscles are very strong. (Str +8,
                  | Int/Dex -2) [Jiyva's grace]
 85538 | Depths:4 | Lost mutation: Your pliable body absorbs attacks. (AC +2,
                  | EV +2) [Jiyva's grace]
 85538 | Depths:4 | Gained mutation: You are strong-willed. (Will+) [Jiyva's
                  | grace]
 85538 | Depths:4 | Gained mutation: You are highly strong-willed. (Will++)
                  | [Jiyva's grace]
 85538 | Depths:4 | Gained mutation: You are extremely strong-willed. (Will+++)
                  | [Jiyva's grace]
 85538 | Depths:4 | Gained mutation: Your muscles are very strong. (Str +8,
                  | Int/Dex -2) [Jiyva's grace]
 85962 | Depths:4 | Found a gate to the Realm of Zot.
 86565 | Vaults:5 | Entered Level 5 of the Vaults
 87818 | Vaults:5 | Noticed Boris
 87829 | Vaults:5 | Killed Boris
 88131 | Vaults:5 | Learned a level 2 spell: Blink
 88173 | Vaults:5 | Found Suilet's Jewellery Shop.
 88173 | Vaults:5 | Noticed an ancient lich
 88188 | Vaults:5 | Killed an ancient lich
 88256 | Vaults:5 | Identified the +7 hand axe "Saell" {protect, rN+ rCorr
                  | Dex-3}
 88269 | Vaults:5 | Reached XP level 26. HP: 213/213 MP: 47/47
 88445 | Vaults:5 | Got a silver rune of Zot
 88456 | Vaults:5 | Lost mutation: You are extremely strong-willed. (Will+++)
                  | [Jiyva's grace]
 88456 | Vaults:5 | Lost mutation: Your translucent skin reduces your foes'
                  | accuracy. (Stealth+) [Jiyva's grace]
 88456 | Vaults:5 | Gained mutation: Your melee attacks may engulf your foes in
                  | ooze. [Jiyva's grace]
 88456 | Vaults:5 | Gained mutation: Your body has grown eyes which may confuse
                  | attackers. (Acc +3) [Jiyva's grace]
 88456 | Vaults:5 | Gained mutation: Your body has grown many eyes which may
                  | confuse attackers. (Acc +5) [Jiyva's grace]
 88456 | Vaults:5 | Gained mutation: Your body is covered in eyes which may
                  | confuse attackers. (Acc +7, SInv) [Jiyva's grace]
 88706 | Vaults:5 | Found Suusaera's Antique Armour Shoppe.
 88712 | Vaults:5 | Bought a pair of spiked boots for 323 gold pieces
 88712 | Vaults:5 | Identified the +2 pair of boots "Ficoyhae" {rCorr} (You
                  | bought it in a shop on level 5 of the Vaults)
 88712 | Vaults:5 | Bought an embroidered cloak for 255 gold pieces
 88801 | Vaults:5 | Identified the +3 helmet of Lies {rPois rF+ SInv}
 89327 | Zot:1    | Entered Level 1 of the Realm of Zot
 89750 | Zot:1    | You are sucked into a shaft and drop 1 floor!
 89827 | Zot:2    | Noticed Vv
 90423 | Zot:1    | Found a shimmering altar of Xom.
 90426 | Zot:1    | Got the Incunable of the Zealot
 90439 | Zot:1    | Got Sif Muna's Precepts of Fire and Brimstone
 91388 | Zot:1    | Lost mutation: You are highly strong-willed. (Will++)
                  | [Jiyva's grace]
 91388 | Zot:1    | Lost mutation: Your muscles are very strong. (Str +8,
                  | Int/Dex -2) [Jiyva's grace]
 91388 | Zot:1    | Lost mutation: Your body is covered in eyes which may
                  | confuse attackers. (Acc +7, SInv) [Jiyva's grace]
 91388 | Zot:1    | Gained mutation: You are agile. (Dex +4, Str/Int -1)
                  | [Jiyva's grace]
 91388 | Zot:1    | Gained mutation: You are very agile. (Dex +8, Str/Int -2)
                  | [Jiyva's grace]
 91388 | Zot:1    | Gained mutation: Armour fits poorly on your pseudopods.
                  | [Jiyva's grace]
 91388 | Zot:1    | Gained mutation: Armour fits poorly on your large
                  | pseudopods. [Jiyva's grace]
 92365 | Zot:2    | Noticed an ancient lich
 92370 | Zot:2    | Killed an ancient lich
 92392 | Zot:2    | Found a stormy altar of Qazlal.
 92538 | Zot:2    | Killed Vv
 92964 | Zot:3    | Reached XP level 27. HP: 224/224 MP: 44/47
 93607 | Zot:3    | Learned a level 7 spell: Enfeeble
 94118 | Orc:2    | Bought a Grand Grimoire for 544 gold pieces
 94118 | Orc:2    | Bought a book of the Wilderness for 608 gold pieces
 94127 | Orc:2    | Learned a level 8 spell: Summon Horrible Things
 94135 | Orc:2    | Learned a level 7 spell: Malign Gateway
 94637 | Zot:3    | Found Coatong's Changing Room.
 95074 | Zot:3    | Noticed an orb of fire
 95700 | Zot:4    | Lost mutation: You are very agile. (Dex +8, Str/Int -2)
                  | [Jiyva's grace]
 95700 | Zot:4    | Lost mutation: Your rubbery body absorbs attacks. (AC +1,
                  | EV +1) [Jiyva's grace]
 95700 | Zot:4    | Lost mutation: Armour fits poorly on your large pseudopods.
                  | [Jiyva's grace]
 95700 | Zot:4    | Gained mutation: Your rubbery body absorbs attacks. (AC +1,
                  | EV +1) [Jiyva's grace]
 95700 | Zot:4    | Gained mutation: Your pliable body absorbs attacks. (AC +2,
                  | EV +2) [Jiyva's grace]
 95700 | Zot:4    | Gained mutation: Your gelatinous body deflects attacks. (AC
                  | +3, EV +3) [Jiyva's grace]
 95700 | Zot:4    | Gained mutation: Your spells are a little harder to cast,
                  | but a little more powerful. [Jiyva's grace]
 95795 | Zot:5    | Entered Level 5 of the Realm of Zot
 95916 | Zot:5    | Reached skill level 27 in Summonings
 96272 | Zot:5    | Noticed an ancient lich
 96273 | Zot:5    | Noticed a dread lich
 96276 | Zot:5    | Noticed an orb of fire
 96421 | Zot:5    | Killed an orb of fire
 96436 | Zot:5    | Killed a dread lich
 97003 | Zot:5    | Noticed an ancient lich
 97016 | Zot:5    | Killed an ancient lich
 97054 | Zot:5    | Killed an ancient lich
 97069 | Zot:5    | Noticed an orb of fire
 97073 | Zot:5    | Gained mutation: You are frail. (-10% HP) [an orb of fire]
 97079 | Zot:5    | Killed an orb of fire
 97122 | Zot:5    | Gained mutation: You sometimes lose your temper in combat.
                  | [a neqoxec]
 97347 | Zot:5    | Got the Orb of Zot
 97372 | Zot:5    | Noticed Ohadugh the pandemonium lord
 97546 | Zot:1    | Noticed Finwodoz the pandemonium lord
 97561 | Zot:1    | Killed Finwodoz the pandemonium lord
 97883 | D:8      | Noticed Zoriymur the pandemonium lord
 97961 | D:8      | Killed Zoriymur the pandemonium lord
 98203 | D:$      | Escaped with the Orb!

Illustrated notes

Levels and vault maps discovered:
D:1:      elethiomel_arrival_diamonds, layout_rooms, grunt_decor_mini_mirrors,
          kennysheep_crisscross
D:2:      layout_basic, basic_ecumenical_altar, basic_altar,
          minmay_gold_behind_fungi
D:3:      layout_basic
D:4:      layout_loops_ring, minmay_temple_entry_nine_rooms,
          wad_floor_pattern_1, chequers_serial_rivers_room_a, grunt_decor_cap,
          nicolae_the_louvre, uniq_ijyb, uniq_grinder, uniq_natasha
D:5:      layout_rooms, nrook_mini_backslash, nrook_pool_corridor
D:6:      layout_basic, nzn_overflow_gifts_of_might_and_magic,
          nicolae_water_bricks, corexii_checkpoint_b, uniq_sigmund
D:7:      layout_basic, kennysheep_flooded_box, st_stairs_5, uniq_pikel,
          uniq_crazy_yiuf_cottage
D:8:      layout_cave_pools, mainiacjoe_overflow_divided_tiny
D:9:      layout_rooms, lair_entry_dummy, corexii_checkpoint_a,
          dreamdust_deal_with_the_devil, minivault_20
D:10:     minmay_goldmine, layout_rooms
D:11:     minmay_the_grid_four_pointed_star_mashed
          [minmay_the_grid_triangle_9x9_minimal,
          minmay_the_grid_triangle_9x9_zippers_vertical,
          minmay_the_grid_triangle_9x9_skeleton,
          minmay_the_grid_triangle_9x9_wacky_v,
          minmay_the_grid_prize_shrinking_boxes], layout_cave_pools, st_stairs_4
D:12:     kennysheep_snake, layout_basic, disabler_island
D:13:     layout_basic, skrybe_vaults_entry_preservation,
          nicolae_figureground_pulse, uniq_azrael
D:14:     dreamdust_isle_of_ice, layout_loops_ring,
          infiniplex_staircase_door_maze
D:15:     grunt_enter_depths_magical_seal, layout_small_grid, dk_noncrumbling_4
Temple:   mainiacjoe_temple_bowtie_tessellation
Lair:1:   layout_regular_city, beast_lair_carwin_8, serial_bayou_shore_a
Lair:2:   layout_cellular_growth, elwin_shoals_entry_stream,
          minmay_lair_oklob_items, uniq_sonja, uniq_urug
Lair:3:   layout_layer_cave, nicolae_snake_entry_warm_welcome,
          wad_woods_road_03, st_stairs_7, lemuel_fruit_fields,
          grunt_megastairs_2
Lair:4:   layout_roguey, minmay_slime_entry_jelly_boxes, minivault_11
Lair:5:   hellmonk_lair_end_abyssal_woods, layout_small_grid
Shoals:1: layout_shoals, serial_shops, nicolae_shop_trees,
          ebering_ghost_disaster_area
Shoals:2: layout_shoals, uniq_ilsuiw
Shoals:3: layout_shoals
Shoals:4: shoals_end_grunt_ice, layout_shoals, uniq_mara, uniq_mlioglotl
Snake:1:  layout_chambers
Snake:2:  layout_rooms, nicolae_snake_bzzzt, lemuel_fruit_tree,
          serial_bayou_shore_b, minmay_shop_grove
Snake:3:  layout_rooms, basic_altar, serial_bayou_shore_b
Snake:4:  hellmonk_snake_rune_quicksilver_temple, layout_misc_corridors,
          gammafunk_ghost_arena, nicolae_fountain_basement
Slime:1:  layout_caves
Slime:2:  cheibrodos_slime_lost_civilization_9, layout_caves
Slime:3:  layout_caves
Slime:4:  layout_caves
Slime:5:  slime_pit_nicolae_trefoil
Orc:1:    layout_diamond_mine
Orc:2:    st_orc_rangers, layout_caves, basic_altar, serial_shops, shop_statue,
          mines4_lemuel, uniq_josephine
Elf:1:    eino_elf_arrival_shootout, layout_onion_city, minmay_elf_necromancy,
          grunt_ministairs_6, eino_tiny_chamber, serial_nicolae_subway,
          nicolae_sub_station_stone, nicolae_sub_station_metal,
          nicolae_sub_station_crystal, uniq_donald, uniq_kirke
Elf:2:    elven_hall_of_blades_hangedman_alternative
          [nicolae_blade_entry_crossed_weapons], layout_gridlike, serial_shops,
          shop, st_stairs_9, nicolae_concentric_dashed_squares_wild
Elf:3:    minmay_elf_hall, layout_rooms, serial_shops, nicolae_square_shop,
          nicolae_fountain_basement, uniq_roxanne
Vaults:1: portal_desolation_entry_twin_temple, v_rooms_5, v_pattern_3,
          nicolae_vaults_little_squares_5, grunt_vaults_funnel, v_rooms_4,
          vaults_dpeg_emergency_exit, ontoclasm_vaults_chip,
          vaults_room_large_hall, nicolae_vaults_sesquioval_fish,
          nicolae_vaults_double_plus_2, vaults_room_semicircle,
          vaults_room_semicircle, grunt_vaults_focal, layout_vaults_omnicross
Vaults:2: nicolae_vaults_network_quincunx
          [nicolae_vaults_network_quincunx_subvault,
          nicolae_vaults_network_quincunx_subvault,
          nicolae_vaults_network_quincunx_subvault,
          nicolae_vaults_network_quincunx_subvault,
          nicolae_vaults_network_quincunx_subvault], st_spiral_rooms, v_misc_4,
          nicolae_vaults_layer_cake_slice, hangedman_vaults_stream,
          nicolae_vaults_tetromino_T_2, nicolae_vaults_big_angled_halls,
          nicolae_vaults_double_plus_1, nicolae_vaults_theta,
          nicolae_vaults_house_1, layout_vaults_chaotic_city
Vaults:3: minmay_crypt_entry_simple_round, vaults_mumra_hexcomb,
          ontoclasm_vaults_ring_large, nicolae_vaults_trapezoid_1,
          nicolae_vaults_antechamber_and_loot_room, hangedman_vaults_capsules,
          nicolae_vaults_disjoint_gnomons, nicolae_vaults_border_crossing,
          nicolae_vaults_mini_display_case, nicolae_vaults_heist,
          nicolae_vaults_layer_cake_slice, nicolae_vaults_circle_grid_a,
          nicolae_vaults_house_1, ontoclasm_vaults_ring_square,
          hangedman_vaults_impose, layout_vaults_omnibox, serial_shops,
          nicolae_shop_advertising_works [nicolae_subvault_shop_adworks]
Vaults:4: nicolae_vaults_variable_pillar_hall, v_misc_4,
          nicolae_vaults_enemy_cabinets, vaults_dpeg_ring,
          nicolae_vaults_trapezoid_2, nicolae_vaults_closet_pinwheel_4,
          v_misc_15, ontoclasm_vaults_misaligned,
          nicolae_vaults_cornered_office, v_misc_31, layout_vaults_omnigrid,
          uniq_mennas
Vaults:5: serial_shops
Crypt:1:  layout_catacombs, nzn_ghost_randoct, lemuel_upstairs_altar
Crypt:2:  layout_catacombs, uniq_boris, uniq_margery
Crypt:3:  lightli_unholy_cathedral, layout_chaotic_city,
          tomb_entry_shell_bobbens
Tomb:1
Depths:1: layout_cave_pools, hell_entry, serial_shops, kennysheep_little_box,
          pdpol_wu_jian_five_deadly_venoms, uniq_nikola
Depths:2: dreamdust_experimentation, layout_cave_shapes, abyss_entry,
          rand_demon_pan_entry_4, hell_entry, serial_shops,
          nicolae_shop_pleasant_corner_grove, grunt_megastairs_5
Depths:3: evilmike_silver_temple, layout_cave_pools, enter_ziggurat_d,
          abyss_entry_glasseish, serial_shops, nicolae_shop_mannequins,
          hell_entry, xom_confusion_cloud
Depths:4: evilmike_zot_entry_hall, layout_cave_pools, hangedman_coc_ice_floe,
          minmay_misc_feat_square, abyss_entry, rand_demon_pan_entry_3,
          minmay_misc_feat_tower
Zot:1:    nicolae_zot_draconian_monastery, layout_basic
Zot:2:    regret_index_qazlal_generations, layout_twisted_circle, uniq_vv
Zot:3:    kennysheep_spiral_hall, layout_concentric_octagons,
          nicolae_transmutations_shop, st_stairs_3, nrook_zot_tub
Zot:4:    layout_onion_interference
Zot:5:    layout_cathedral_of_symmetry, grunt_ministairs_9

Skill      XL: |  1  2  3  4  5  6  7  8  9 10 11 12 13 14 15 16 17 18 19 20 21 22 23 24 25 26 27 |
---------------+----------------------------------------------------------------------------------+-----
Stealth        | 4 |  4.0
Spellcasting   | 3 4 6 7 9 10 12 14 15 16 18 19 20 21 | 21.5
Summonings     | 5 6 7 9 10 11 12 15 18 21 22 23 24 25 26 27 | 27.0
Hexes          | 3 4 10 11 13 | 13.0
Air Magic      | 4 |  4.0
Dodging        | 5 8 9 11 12 13 14 15 17 19 21 23 25 | 25.4
Fighting       | 4 6 7 9 10 11 13 14 16 18 20 21 | 21.9
Shields        | 11 15 16 18 19 | 19.6

Action                     |  1- 3 |  4- 6 |  7- 9 | 10-12 | 13-15 | 16-18 | 19-21 | 22-24 | 25-27 || total
---------------------------+-------+-------+-------+-------+-------+-------+-------+-------+-------++-------
  Melee: Unarmed           |   124 |    13 |    21 |    10 |       |       |       |       |       ||   168
         Bite              |    11 |       |     2 |     2 |    14 |     5 |    10 |    10 |    15 ||    69
         Punch             |     1 |       |       |       |       |       |       |       |       ||     1
         Dagger            |       |       |       |     4 |    62 |    38 |       |       |       ||   104
         Scimitar          |       |       |       |       |       |       |    45 |    29 |    49 ||   123
         Pseudopods        |       |       |       |       |       |       |       |       |    13 ||    13
   Cast: Summon Small Mamm |    46 |    41 |    48 |    51 |    34 |       |     2 |       |       ||   222
         Call Imp          |     8 |    26 |    25 |    39 |    19 |       |       |       |     2 ||   119
         Call Canine Famil |     2 |    25 |    33 |    67 |    70 |     4 |       |     3 |     1 ||   205
         Summon Guardian G |       |     1 |    18 |    76 |    78 |       |       |       |       ||   173
         Summon Lightning  |       |       |     7 |    56 |    48 |       |       |       |       ||   111
         Summon Hydra      |       |       |       |       |   142 |    16 |    29 |   110 |   160 ||   457
         Summon Mana Viper |       |       |       |       |    93 |    25 |    44 |    93 |    84 ||   339
         Dragon's Call     |       |       |       |       |     4 |    44 |    77 |    79 |   106 ||   310
         Summon Horrible T |       |       |       |       |       |       |       |       |     9 ||     9
         Malign Gateway    |       |       |       |       |       |       |       |       |     8 ||     8
         Blink             |       |       |       |       |       |       |       |       |     2 ||     2
         Enfeeble          |       |       |       |       |       |       |       |       |     2 ||     2
 Invoke: Call Merchant     |       |       |       |       |     4 |       |       |     5 |       ||     9
Ability: Exsanguinate      |       |       |       |       |       |       |       |     1 |       ||     1
         Revivify          |       |       |       |       |       |       |       |     1 |       ||     1
  Evoke: Wand              |       |       |       |     7 |       |       |       |       |     1 ||     8
    Use: Scroll            |       |       |     5 |       |    15 |    12 |     4 |    13 |     3 ||    52
         Potion            |       |       |       |     1 |       |     2 |       |     3 |     4 ||    10
   Stab: Betrayed ally     |       |       |       |     1 |       |       |       |       |       ||     1
         Distracted        |       |       |       |       |     1 |       |     2 |     1 |     3 ||     7
         Confused          |       |       |       |       |       |       |       |       |     1 ||     1
 Armour: Robe              |    56 |    16 |    16 |    42 |   151 |    44 |    34 |    57 |    73 ||   489
  Dodge: Dodged            |   143 |    28 |    24 |   100 |   353 |   103 |   139 |   222 |   399 ||  1511
  Block: Other             |       |       |       |     3 |   110 |    10 |       |       |       ||   123
         Reflection        |       |       |       |       |    26 |     2 |       |       |       ||    28
         Kite shield       |       |       |       |       |       |       |    74 |   205 |   374 ||   653

Table legend: (Time is in decaauts)
 A = Elapsed time spent in this place.
 B = Non-inter-level travel time spent in this place.
 C = Inter-level travel time spent in this place.
 D = Time resting spent in this place.
 E = Time spent auto-exploring this place.
 F = Levels seen in this place.
 G = Mean time per level.
                   A        B        C        D        E       F      G
               +--------+--------+--------+--------+--------+-----+--------+
         Total |  98529 |  90186 |   8343 |  19305 |  50831 |  58 | 1698.8 |
       Dungeon |  30807 |  27955 |   2852 |   7016 |  15800 |  15 | 2053.8 |
        Temple |     54 |      1 |     53 |      0 |      0 |   1 |   54.0 |
          Lair |  11875 |  10756 |   1119 |   1101 |   8021 |   5 | 2375.0 |
        Shoals |   4960 |   4774 |    186 |    496 |   3334 |   4 | 1240.0 |
     Snake Pit |   6845 |   6321 |    524 |   1371 |   3918 |   4 | 1711.2 |
    Slime Pits |   4320 |   4063 |    257 |    270 |   2480 |   5 |  864.0 |
  Orcish Mines |   5219 |   4831 |    388 |   2588 |   1622 |   2 | 2609.5 |
   Elven Halls |   4658 |   4253 |    405 |    270 |   2786 |   3 | 1552.7 |
        Vaults |   9856 |   9114 |    742 |   1507 |   5268 |   5 | 1971.2 |
         Crypt |   4613 |   4269 |    344 |    895 |   2067 |   3 | 1537.7 |
          Tomb |   1588 |   1504 |     84 |    674 |    283 |   1 | 1588.0 |
        Depths |   5075 |   4518 |    557 |   1285 |   2008 |   4 | 1268.8 |
           Zot |   7509 |   6683 |    826 |   1722 |   2510 |   5 | 1501.8 |
    Desolation |   1142 |   1142 |      0 |    109 |    733 |   1 | 1142.0 |
               +--------+--------+--------+--------+--------+-----+--------+

Top non-repeatable levels by time:
    D:12: 5368 daAuts
  Lair:5: 3632 daAuts
   Orc:1: 3202 daAuts
    D:11: 2956 daAuts
Vaults:4: 2869 daAuts
     D:9: 2811 daAuts
   Zot:1: 2525 daAuts
    D:10: 2494 daAuts
    D:14: 2299 daAuts
 Snake:2: 2253 daAuts
  Lair:1: 2179 daAuts
     D:7: 2127 daAuts
  Lair:3: 2100 daAuts
    D:13: 2081 daAuts
Vaults:2: 2074 daAuts
